 Dungeon Crawl Stone Soup version 0.22-a0-322-g60b3cfd (webtiles) character file.

81 tilp the Chiller (level 4, -1/45 HPs)
             Began as a Merfolk Ice Elementalist on Apr 4, 2018.
             Succumbed to a worker ant's poison
             ... on level 3 of the Dungeon on Apr 5, 2018.
             The game lasted 00:05:38 (2085 turns).

tilp the Chiller (Merfolk Ice Elementalist)         Turns: 2085, Time: 00:05:38

Health: -1/45      AC: 22    Str:  8    XL:     4   Next: 42%
Magic:  7/7        EV:  2    Int: 15    God:
Gold:   54         SH:  0    Dex: 14    Spells: 1/7 levels left

rFire    . . .     SeeInvis .   d - +1 short sword (speed)
rCold    . . .     Gourm    .   (no shield)
rNeg     + + +     Faith    .   (armour currently unavailable)
rPois    +         Spirit   .   (helmet currently unavailable)
rElec    .         Reflect  .   (cloak currently unavailable)
rCorr    .         Harm     .   (gloves currently unavailable)
MR       .....     NoTele   +   (boots currently unavailable)
Stlth    ++........             (no amulet)
HPRegen  0.15/turn              (no ring)
MPRegen  0.10/turn              (no ring)

@: lethally poisoned (-1 -> -17), tree-form
A: (change form in water), (swift swim), (stealthy swim)
a: no special abilities


You were on level 3 of the Dungeon.
You were not hungry.
You were a tree.
You visited 1 branch of the dungeon, and saw 3 of its levels.

You collected 54 gold pieces.

Inventory:

Hand Weapons
 d - a +1 short sword of speed (weapon)
Missiles
 b - 71 stones (quivered)
Armour
 a - a +0 robe (melded)
 m - a +0 buckler
 p - a +0 helmet (melded)
Jewellery
 o - an uncursed amulet of regeneration {unknown}
Scrolls
 e - a scroll of magic mapping {unknown}
 h - a scroll of teleportation {unknown}
 j - a scroll of fear {unknown}
 k - a scroll of remove curse {unknown}
 l - a scroll of identify {unknown}
Potions
 n - a potion of agility {unknown}
Comestibles
 c - 5 rations


   Skills:
 - Level 2.6 Dodging
 - Level 2.1 Stealth
 - Level 2.0 Spellcasting
 - Level 0.7 Conjurations
 + Level 5.6 Ice Magic


You had one spell level left.
You knew the following spells:

 Your Spells              Type           Power        Failure   Level  Hunger
a - Freeze                Ice            ###.         2%          1    #......
b - Throw Frost           Conj/Ice       ##....       9%          2    ###....
c - Ozocubu's Armour      Chrm/Ice       #.......     22%         3    ###....


Dungeon Overview and Level Annotations

Branches:
Dungeon (3/15)

Altars:


Message History

Aiming: Freeze (safe; 2% risk of failure)
Press: ? - help, Shift-Dir - straight line, f/p - worker ant
Aim: a worker ant (severely wounded)
You freeze the worker ant.
The worker ant is severely wounded.
* * * LOW HITPOINT WARNING * * *
You feel sick. The worker ant bites you.
* * * LOW HITPOINT WARNING * * *
The goblin hits you with a dagger.
* * * LOW HITPOINT WARNING * * *
Unknown command.
It was a potion of lignification.
You turn into a tree.
Your +0 helmet melds into your body.
Your +0 robe melds into your body.
Your roots penetrate the ground.
* * * LOW HITPOINT WARNING * * *
You feel sick.
The worker ant bites you but does no damage.
The goblin hits you but does no damage.
It was a potion of magic.
Magic courses through your body.
You die...

..#.#.....#
....#.....
...#.^..
##..#...
#...#..
#...#.##
#..(#..#
###.g..#
#.a♣.#
#..### #...
#$#.# #.#..
#.#... #.
#..


You could see a worker ant and a goblin.

Vanquished Creatures
  Robin (D:2)
  An adder (D:2)
  A worm (D:2)
  2 dart slugs
  10 bats
  4 giant cockroaches
  7 goblins
  11 hobgoblins
  6 kobolds
  A quokka (D:2)
  3 frilled lizards (D:1)
  4 rats
51 creatures vanquished.

Notes
Turn   | Place    | Note
-------+----------+-------------------------------------------
     0 | D:1      | tilp the Merfolk Ice Elementalist began the quest for the Orb.
     0 | D:1      | Reached XP level 1. HP: 13/13 MP: 3/3
   215 | D:1      | Reached XP level 2. HP: 7/19 MP: 5/5
   404 | D:1      | Learned a level 2 spell: Throw Frost
   433 | D:1      | Reached skill level 4 in Ice Magic
   919 | D:1      | Reached XP level 3. HP: 19/24 MP: 6/6
   928 | D:1      | Learned a level 3 spell: Ozocubu's Armour
  1348 | D:2      | Reached skill level 5 in Ice Magic
  1525 | D:2      | Noticed Robin
  1545 | D:2      | Killed Robin
  1545 | D:2      | Reached XP level 4. HP: 23/30 MP: 0/7
  2084 | D:3      | HP: 1/45 [poisoned by a worker ant]
  2085 | D:3      | Succumbed to a worker ant's poison

Vault maps used:
D:1:      dpeg_arrival_long_road
D:2:      uniq_robin
D:3:      nicolae_overflow_crystal_walls, nicolae_ru_path_of_blood

Skill      XL: |  1  2  3 |
---------------+----------+-----
Ice Magic      | 4 5 |  5.6
Dodging        | |  2.6
Stealth        | |  2.1
Spellcasting   | |  2.0
Conjurations   | |  0.7

Action                   |  1- 3 |  4- 6 || total
-------------------------+-------+-------++-------
Melee: Short sword       |    91 |    36 ||   127
Throw: Stone             |     4 |     1 ||     5
 Cast: Freeze            |    30 |    10 ||    40
       Ozocubu's Armour  |     2 |     1 ||     3
  Use: Potion            |       |     2 ||     2
 Stab: Distracted        |     1 |       ||     1
       Sleeping          |     1 |     3 ||     4
  Eat: Chunk             |     3 |     2 ||     5
Armor: Robe              |    19 |     6 ||    25
       Skin              |       |     2 ||     2
Dodge: Dodged            |    62 |    24 ||    86

Table legend:
 A = Spawn XP
 B = Non-spawn XP
 C = Spawn XP percentage of total XP
 D = Spawn monster count
 E = Non-spawn monster count
 F = Spawn count percentage of total count
 G = Total turns spent on level
                    A         B        C        D         E        F      G
               +---------+---------+-------+---------+---------+-------+---------
         Total |       0 |     117 |   0.0 |       0 |      51 |   0.0 |  2085
               +---------+---------+-------+---------+---------+-------+---------
           D:1 |       0 |      38 |   0.0 |       0 |      23 |   0.0 |  1163
           D:2 |       0 |      79 |   0.0 |       0 |      28 |   0.0 |   910
               +---------+---------+-------+---------+---------+-------+---------
